Map: Аура смерти РВ

Players

Hawk - Winner!

  • Race: Protoss Protoss
  • League: Grandmaster
  • Spawn Location: 5:00

twitchFuzer

  • Race: Terran Terran
  • League: Grandmaster
  • Spawn Location: 11:00

VOD

Have the link to the VOD?

Description

Time

  • Played on: Jan. 24, 2021, 2:34 a.m.
  • Length: 2:59
Show
View Real Time Build Order
Export as new Build Order

Hawk Protoss - Winner!

Build Orders:  

Get SALT Encoding   

  12  0:01  Probe  
  13  0:13  Probe  
  14  0:17  Pylon  
  14  0:25  Probe  
  15  0:36  Gateway  
  15  0:37  Probe  
  16  0:43  Assimilator  
  16  0:49  Probe  
  17  0:56  Pylon  
  17  1:02  Probe  
  18  1:14  Probe, Gateway  
  19  1:23  Cybernetics Core  
  19  1:30  Zealot  
  21  1:34  Probe  
  22  1:40  Assimilator  
  22  1:47  Probe  
  23  1:59  Probe, Stalker (Chrono Boost)  
  26  2:02  Stalker (Chrono Boost)  
  28  2:11  Probe  
  29  2:20  Stalker (Chrono Boost)  
Show
View Real Time Build Order
Export as new Build Order

twitchFuzer Terran 

Build Orders:  

Get SALT Encoding   

  12  0:00  SCV  
  13  0:12  SCV  
  14  0:24  Supply Depot, SCV  
  15  0:46  SCV  
  15  0:47  Barracks  
  16  0:50  Refinery  
  16  0:58  SCV  
  17  1:10  SCV  
  18  1:22  SCV  
  19  1:34  Barracks Reactor, Orbital Command  
  19  1:39  Command Center  
  19  1:49  Supply Depot  
  19  2:04  SCV  
  20  2:13  Marine x2  
  22  2:21  Factory  
  22  2:24  Bunker  
  22  2:25  SCV  
  23  2:31  Marine  
  23  2:37  Marine  
Tags
 
Add a new tag
Caveats
  • Supply blocks, unpowered buildings, or Contaminate may cause inaccurate times.
  • Supply counts are checked every 10 seconds.